[Event "*** Titled Tuesday Blitz"]
[Site "Chess.com"]
[Date "2020.11.24"]
[Round "3"]
[White "ChessWarrior7197"]
[Black "Harsha_Bharathakoti"]
[Result "1-0"]
[WhiteElo "3006"]
[BlackElo "2713"]
[TimeControl "180+1"]
[EndTime "10:45:51 PST"]
[Termination "ChessWarrior7197 won on time"]

1. c4 e6 2. Nf3 d5 3. g3 Nf6 4. Bg2 d4 5. O-O c5 6. e3 Nc6 7. b3 Be7 8. exd4 cxd4 9. Re1 O-O 10. Bb2 Bc5 11. d3 Nd7 12. Na3 Re8 13. Nc2 e5 14. a3 a5 15. Rb1 Bf8 16. Bc1 Nc5 17. b4 Na4 18. Bd2 axb4 19. axb4 f6 20. b5 Nb8 21.
Ra1 Nd7 22. Ncxd4 exd4 23. Rxa4 Rxa4 24. Qxa4 Nc5 25. Qc2 Bf5 26. Bf1 Rxe1 27. Bxe1 g5 28.
Bb4 b6 29. Nd2 Bg6 30. Bxc5 Bxc5 31. Nb3 Qd6 32. Bg2 Kg7 33. Qe2 Qe7 34. Kf1 Qd6 35. Bd5 h5 36. Kg2 g4 37. f4 gxf3+ 38. Bxf3 Kh6 39. Qd2+ Kg7 40. Qe2 Kh6 41. Nd2 Bb4 42. Ne4 Qe5 43. Qd1 f5 44. Qc1+ Kg7 45. Qg5 Be7 46.
Qf4 Qxf4 47. gxf4 fxe4 48. Bxe4 Bxe4+ 49. dxe4 Kf6 50. Kf3 Ke6 51. Ke2 Kd6 52. Kd3 Kc5 53.
e5 1-0

[Event "*** Titled Tuesday Blitz"]
[Site "Chess.com"]
[Date "2020.11.24"]
[Round "3"]
[White "Chessalary"]
[Black "ftorodent"]
[Result "0-1"]
[WhiteElo "2426"]
[BlackElo "2648"]
[TimeControl "180+1"]
[EndTime "10:45:51 PST"]
[Termination "ftorodent won by checkmate"]

1. e4 c5 2. Nf3 e6 3. d4 cxd4 4.
Nxd4 a6 5. Bd3 Bc5 6. Nb3 Be7 7. O-O d6 8. Nc3 Nf6 9. Be3 Nc6 10. Qe2 O-O 11.
Rad1 Qc7 12. f4 b5 13. a3 Bb7 14. Nd4 Nxd4 15. Bxd4 e5 16. fxe5 dxe5 17. Be3 Rfd8 18. Qf3 Bc5 19. Bxc5 Qxc5+ 20. Kh1 Rd6 21. Ne2 Rad8 22.
Ng3 Bc8 23. h3 Be6 24. Nh5 Nxh5 25. Qxh5 f6 26. Qh4 b4 27. Qg3 Kh8 28. axb4 Qxb4 29. Qh4 Bg8 30. b3 Bxb3 31. cxb3 Rxd3 32. Rxd3 Rxd3 33. Qh5 Rd8 34. Qf7 Qf8 35. Qe6 Qd6 36. Qf7 Rf8 37. Qc4 h6 38. Rf3 Rb8 39. Kh2 Qb6 40.
Rg3 Qb7 41. Rg4 Rd8 42. Qe6 Rb8 43. Qf5 Qxb3 44. Rh4 Qf7 45. Rg4 a5 46. Qf3 a4 47.
Qa3 Ra8 48. Qb4 a3 49. Qb1 a2 50. Qa1 Qb3 51. Rg3 Qb1 52. Qc3 a1=Q 53. Qc7 Qh1# 0-1

[Event "*** Titled Tuesday Blitz"]
[Site "Chess.com"]
[Date "2020.11.24"]
[Round "3"]
[White "juancruzarias"]
[Black "freshfoodcompany"]
[Result "1-0"]
[WhiteElo "2554"]
[BlackElo "2373"]
[TimeControl "180+1"]
[EndTime "10:45:51 PST"]
[Termination "juancruzarias won by resignation"]

1. d4 d5 2. Nf3 Nf6 3. e3 c5 4. c3 Nc6 5. Nbd2 Bg4 6. dxc5 e5 7. b4 e4 8. h3 Bh5 9. g4 Nxg4 10. hxg4 Bxg4 11. Be2 exf3 12. Nxf3 Qf6 13. Nd4 Bxe2 14. Qxe2 Be7 15. Bb2 Nxd4 16. cxd4 Qf5 17. Rh5 Qd7 18. b5 g6 19. Rh1 a6 20. b6 Qa4 21.
Qd1 Qb4+ 22. Qd2 Qxd2+ 23. Kxd2 Kd7 24. f3 Kc6 25. e4 Rad8 26. Rhe1 Bg5+ 27. Kd3 Rd7 28.
e5 Re8 29. Bc1 Bxc1 30. Raxc1 Re6 31. f4 Rd8 32. Rh1 Rh8 33. Rh6 g5 34. fxg5 Rxh6 35. gxh6 Rg8 36. Rf1 Rg3+ 37. Ke2 Rg2+ 38. Rf2 Rg4 39. Ke3 Rg3+ 40. Rf3 Rg2 41. Rf6+ Kb5 42. Rxf7 Rxa2 43. e6 Ra3+ 44. Kf4 Ra1 45. Ke5 Re1+ 46.
Kxd5 Rh1 47. e7 Rh5+ 48. Kd6 Rxh6+ 49. Kd7 Rh4 50. e8=Q Rxd4+ 51. Kc7+ Kxc5 52. Rf5+ Kb4 53. Qe7+ Ka4 54. Qd7+ Rxd7+ 55. Kxd7 h6 56. Kc7 h5 57. Kxb7 h4 58. Kc7 h3 59. Rh5 h2 60. Rxh2 Kb5 61. Rh1 a5 62. b7 a4 63. b8=Q+ 1-0

[Event "*** Titled Tuesday Blitz"]
[Site "Chess.com"]
[Date "2020.11.24"]
[Round "3"]
[White "FMJoseHerrera"]
[Black "esapunov"]
[Result "0-1"]
[WhiteElo "2587"]
[BlackElo "2800"]
[TimeControl "180+1"]
[EndTime "10:45:54 PST"]
[Termination "esapunov won on time"]

1. Nf3 Nf6 2. g3 g6 3. Bg2 Bg7 4. d3 O-O 5. Nc3 d6 6. h4 c5 7. h5 Nxh5 8. Bg5 Nc6 9. Qd2 f5 10. Bh6 e6 11. Bxg7 Kxg7 12. O-O-O d5 13. Rh4 d4 14. Nb1 e5 15. Na3 Be6 16. Rdh1 h6 17.
Nb5 a6 18. Rxh5 gxh5 19. Rxh5 Rf6 20. Na3 Bf7 21. Rh1 Qe7 22. Nh4 Rh8 23. Bxc6 bxc6 24. b3 Qd6 25. f3 e4 26. g4 fxg4 27. dxe4 Bg6 28. Rg1 gxf3 29. Rxg6+ Kf7 30. Rxf6+ Qxf6 31. Nxf3 h5 32. e5 Qh6 33. Ng5+ Kg6 34. Nh3 Kf5 35. Nc4 Qxd2+ 36. Kxd2 h4 37. Nd6+ Kg4 38. Nf7 Re8 39. Nf2+ Kg3 40. Ne4+ Kf4 41. Nf6 Re7 42. Nd8 h3 43.
Nxc6 Re6 44. Nd5+ Kg3 45. Nd8 Rxe5 46. Nf6 h2 47. Nc6 Re6 48. Nh5+ Kf2 49. Nf4 Rxc6 50. b4 h1=Q 51. Kd3 Qd1+ 52. Kc4 Qxc2+ 53. Kd5 Rc8 54.
Nd3+ Kf1 55. bxc5 Qxa2+ 56. Kd6 Qxe2 57. Nb4 Qb5 58. c6 Qxb4+ 59. Kd7 Qb8 60. Ke6 Qc7 61. Kd5 d3 0-1

[Event "*** Titled Tuesday Blitz"]
[Site "Chess.com"]
[Date "2020.11.24"]
[Round "3"]
[White "RaneshRatnesan"]
[Black "SlavenPastar"]
[Result "0-1"]
[WhiteElo "2132"]
[BlackElo "2477"]
[TimeControl "180+1"]
[EndTime "10:45:54 PST"]
[Termination "SlavenPastar won by resignation"]

1. d4 b6 2. c4 Bb7 3. Nc3 e6 4. Nf3 Nf6 5. Bg5 Bb4 6. e3 h6 7.
Bh4 g5 8. Bg3 Ne4 9. Qc2 Bxc3+ 10. bxc3 Nxg3 11. hxg3 g4 12. Ne5 Qg5 13. Rb1 Nc6 14. Nd3 d6 15. Nf4 Ne7 16. Bd3 h5 17. Be4 c6 18. Rh4 e5 19. Ne2 f5 20. Bd3 e4 21. Bxe4 fxe4 22. Qxe4 O-O-O 23. Nf4 Qf5 24. Qxf5+ Nxf5 25. Rh2 h4 26. gxh4 Rxh4 27. Rxh4 Nxh4 28.
Ke2 c5 29. d5 Ba6 30. Kd3 Rg8 31. Rh1 Ng6 32. Nxg6 Rxg6 33. Rh8+ Kb7 34. Rh7+ Kb8 35. f4 gxf3 36. gxf3 Bc8 37. Ke4 Rg2 38. f4 Rxa2 39. f5 Rf2 40. Rh5 a5 41. Kd3 a4 42.
e4 a3 43. Rh1 a2 44. Ra1 Rb2 45. f6 Rf2 46. f7 Rxf7 47. Rxa2 Rf3+ 48. Ke2 Rxc3 49. Rb2 Rxc4 50. Rxb6+ Kc7 51. Rc6+ Kd7 52. Kd3 Rd4+ 53. Ke3 Bb7 54. Rb6 Kc7 55. Rb1 Rb4 56. Rh1 Rb3+ 57. Kd2 Rb2+ 58. Kc3 Rb4 59. Kd3 Rd4+ 60.
Ke3 Kb6 61. Rh6 Kb5 62. Rxd6 Rb4 63. e5 Kc4 64. e6 Rb3+ 65. Kf4 Bxd5 66. Ke5 Re3+ 67.
Kf6 Rxe6+ 68. Rxe6 Bxe6 69. Kxe6 Kd4 0-1

[Event "*** Titled Tuesday Blitz"]
[Site "Chess.com"]
[Date "2020.11.24"]
[Round "3"]
[White "biostatistician"]
[Black "monalize"]
[Result "1-0"]
[WhiteElo "2547"]
[BlackElo "2370"]
[TimeControl "180+1"]
[EndTime "10:45:55 PST"]
[Termination "biostatistician won on time"]

1. d4 Nf6 2. Nf3 d6 3. c4 g6 4. Nc3 Bg7 5. e4 O-O 6. Be2 e5 7. dxe5 dxe5 8. Qxd8 Rxd8 9. Bg5 Re8 10. Nd5 Nxd5 11. cxd5 c6 12. Bc4 cxd5 13. Bxd5 Nc6 14. O-O-O h6 15. Be3 Bf8 16. Kb1 Kg7 17. h4 Bg4 18. Rc1 Rac8 19. Bxc6 bxc6 20. Bxa7 c5 21. Rhd1 c4 22. Rd5 f6 23. Be3 Be6 24. Ra5 Rc7 25. Nd2 Rec8 26. Ra7 Rxa7 27. Bxa7 Bb4 28. Be3 g5 29. hxg5 hxg5 30. Nf1 g4 31.
Ng3 Kg6 32. Ne2 f5 33. exf5+ Bxf5+ 34. Ka1 Bd3 35. Nc3 Kf5 36. Nd5 Bd6 37. Nc3 Bb4 38.
g3 Bxc3 39. Rxc3 Rh8 40. Rc1 Ke4 41. b3 cxb3 42. axb3 Rb8 43. Kb2 Rb5 44. Bc5 Kf3 45. b4 Ke2 46. Kc3 Be4 47. Ra1 Rb7 48. Ra6 Bf3 49.
Re6 e4 50. Kc4 Rc7 51. b5 Kf1 52. b6 Rb7 53. Kd4 Kg2 54. Kc4 Be2+ 55. Kb4 Bf3 56. Kb5 e3 57. Bxe3 Bd5 58. Rd6 Bf3 59. Rd8 Rf7 60.
Rc8 Be2+ 61. Kb4 Bf3 62. Rc7 Rf8 63. Kb5 Rb8 64. Ka6 Ra8+ 65. Ra7 1-0

[Event "*** Titled Tuesday Blitz"]
[Site "Chess.com"]
[Date "2020.11.24"]
[Round "3"]
[White "swimmerchess"]
[Black "maximnovik"]
[Result "1-0"]
[WhiteElo "2784"]
[BlackElo "2512"]
[TimeControl "180+1"]
[EndTime "10:45:56 PST"]
[Termination "swimmerchess won by checkmate"]

1. e4 c6 2. d4 d5 3. e5 Bf5 4.
c4 e6 5. Nc3 Ne7 6. Nge2 dxc4 7. Ng3 c5 8. d5 exd5 9. Nxf5 Nxf5 10.
Nxd5 b5 11. a4 Nd4 12. Ne3 Nbc6 13. axb5 Nxe5 14. Nxc4 Nxc4 15. Bxc4 Be7 16. O-O O-O 17. Be3 Bf6 18. Ra6 Re8 19. Qa4 Qc8 20. Rxa7 Rxa7 21.
Qxa7 Re7 22. Qa6 Qb8 23. Ra1 Be5 24. g3 Nc2 25. Bxc5 Rc7 26. Ba7 Rxa7 27. Qxa7 Nxa1 28.
Qxa1 g6 29. Qa2 Qb7 30. b4 Bd4 31. Qd2 Qb6 32. Qf4 Bf6 33. Kg2 Kg7 34. h4 h5 35.
Qe4 Bd4 36. Qd5 Qf6 37. f3 Bb6 38. Kh3 Qa1 39. Qxf7+ Kh6 40. Qf8+ Qg7 41. Qf4+ Kh7 42. Qd6 Bc7 43. Qc6 Qe7 44. Bd3 Bd6 45. b6 Qe5 46.
f4 Qe6+ 47. f5 gxf5 48. b7 Kh6 49. b8=Q f4+ 50. Kg2 f3+ 51. Kxf3 Qf7+ 52. Kg2 Qg6 53. Bxg6 Kxg6 54. Qcxd6+ Kf5 55. Qe5+ Kg6 56. Qbd6+ Kf7 57. Qee7+ Kg8 58. Qdd8# 1-0

[Event "*** Titled Tuesday Blitz"]
[Site "Chess.com"]
[Date "2020.11.24"]
[Round "3"]
[White "Artyom_ChessMate"]
[Black "YoungMegaMind"]
[Result "0-1"]
[WhiteElo "2500"]
[BlackElo "2298"]
[TimeControl "180+1"]
[EndTime "10:45:56 PST"]
[Termination "YoungMegaMind won by resignation"]

1. e4 c6 2. d4 d5 3. exd5 cxd5 4. Bd3 Nc6 5. c3 Qc7 6. Ne2 Bg4 7. O-O e6 8. Qe1 Bxe2 9. Qxe2 Bd6 10. g3 Nf6 11. f4 O-O 12. Nd2 Rab8 13. Nf3 a6 14. Ne5 b5 15. a3 Nd7 16. g4 Na5 17. Bc2 Rfc8 18. g5 Nf8 19. h4 Nc4 20. h5 a5 21.
Ng4 b4 22. axb4 axb4 23. Qg2 bxc3 24. bxc3 g6 25. Nf6+ Kh8 26. Qh3 Qe7 27. Rf2 Rb7 28. Rh2 Rbc7 29. hxg6 fxg6 30. Qg4 Qg7 31. Re2 Be7 32. Bd2 Bxf6 33. gxf6 Qxf6 34. Be1 Kg7 35. Bh4 Qf7 36. Bg5 h5 37. Qg3 Nd6 38. Re3 Nf5 39.
Bxf5 Qxf5 40. Ra6 Rc6 41. Ra7+ R8c7 42. Ra8 Rc8 43. Ra7+ R6c7 44. Ra6 Qb1+ 45. Kg2 Qf5 46. Qh4 Rc6 47. Ra7+ R8c7 48. Ra8 Rxc3 49. Rxc3 Rxc3 50.
Ra7+ Kg8 51. Bf6 Qe4+ 52. Kg1 Rc1+ 53. Kh2 Rh1+ 54. Kg3 Qe1+ 55. Kf3 Qf1+ 56. Ke3 Rh3+ 57. Qxh3 Qxh3+ 58. Kd2 Qg2+ 59. Kc3 Qf3+ 60. Kb4 Qxf4 61. Be5 Qf7 62. Rxf7 Kxf7 63. Kc5 Nd7+ 64. Kd6 Nxe5 65. dxe5 g5 0-1

[Event "*** Titled Tuesday Blitz"]
[Site "Chess.com"]
[Date "2020.11.24"]
[Round "3"]
[White "Nitzan_Steinberg"]
[Black "xamax2000"]
[Result "1-0"]
[WhiteElo "2860"]
[BlackElo "2629"]
[TimeControl "180+1"]
[EndTime "10:45:57 PST"]
[Termination "Nitzan_Steinberg won on time"]

1. e4 c5 2. Nf3 d6 3. d4 cxd4 4. Nxd4 Nf6 5. Nc3 g6 6. Be3 a6 7. f3 b5 8. Qd2 Bb7 9. h4 h5 10. Be2 Bg7 11. a4 b4 12. Na2 a5 13. c3 bxc3 14.
Nxc3 Nbd7 15. O-O O-O 16. Rfd1 Nc5 17. Qe1 Rb8 18. Rac1 Nfd7 19. Ndb5 Ba6 20. Bd4 Nxa4 21. Bxg7 Kxg7 22. Kh2 Nac5 23. Rd4 Nb3 24. Rcd1 Nxd4 25. Nxd4 Bxe2 26. Qxe2 e6 27. g3 Qb6 28. Rd2 Rfc8 29.
Ndb5 Rc6 30. f4 Nf6 31. Kg2 Qc5 32. Nd4 Rcb6 33. Na4 Qb4 34. Nxb6 Rxb6 35. e5 dxe5 36. fxe5 Ng4 37. Nf3 Rc6 38. Ng5 Qc5 39. Rd7 Nxe5 40. Rb7 Qc2 41. Nxe6+ Kf6 42. Nd4 Qxe2+ 43. Nxe2 Rc2 44. Kf2 Rxb2 45. Ra7 Ra2 46. Ke3 Ng4+ 47. Kf3 a4 48. Nf4 Ra3+ 49. Ke4 Rxg3 50. Nd5+ Kg7 51. Rxa4 Rh3 52. Nf4 Rxh4 53. Ra7 Nf6+ 54. Kf3 Rg4 55.
Ne6+ Kg8 56. Ra8+ Kh7 57. Nf8+ Kh6 58. Ra7 Kg5 59. Rxf7 Rf4+ 60. Ke2 Re4+ 61. Kd3 1-0

[Event "*** Titled Tuesday Blitz"]
[Site "Chess.com"]
[Date "2020.11.24"]
[Round "3"]
[White "SHIVACalypso"]
[Black "GurevichMikhail"]
[Result "0-1"]
[WhiteElo "2414"]
[BlackElo "2608"]
[TimeControl "180+1"]
[EndTime "10:45:57 PST"]
[Termination "GurevichMikhail won by resignation"]

1. Nf3 d6 2. c4 f5 3. g3 Nf6 4. Bg2 g6 5. O-O Bg7 6. Nc3 O-O 7. d3 e5 8. Rb1 a5 9. a3 Nc6 10. b4 axb4 11. axb4 h6 12. b5 Ne7 13. Bb2 Be6 14. Qc2 Qd7 15. Ra1 g5 16. Nd2 c6 17. Nb3 Rfc8 18. Rxa8 Rxa8 19. Ra1 Rxa1+ 20. Bxa1 Qc7 21.
Qa2 Nd7 22. Qa8+ Kf7 23. Na5 e4 24. dxe4 fxe4 25. Bxe4 d5 26. Bd3 Nc5 27. bxc6 bxc6 28. Bb2 Nxd3 29. exd3 Qb6 30. cxd5 cxd5 31. Na4 Qb4 32.
Bxg7 Bh3 33. Nc3 Kxg7 34. Qb7 Qa3 35. f4 Qc1+ 36. Kf2 Qf1+ 37. Ke3 Kf6 38. Kd2 Qf2+ 39. Ne2 Bg4 40. Qa6+ Kf7 41. d4 Nf5 42. Qd3 Nxd4 43. Nc6 Nxc6 44. Qxd5+ Ke7 45. Qe4+ Kd7 46. fxg5 Bxe2 47.
Qxe2 Qxe2+ 48. Kxe2 hxg5 49. Ke3 Ne5 50. Ke4 Ke6 51.
h3 Kf6 52. g4 Ng6 53. Kf3 Ke5 54. Ke3 Nh4 55. Kd3 Kf4 56. Ke2 Kg3 57. Ke3 Kxh3 58. Kf2 Kxg4 59. Kg1 Kh3 60. Kh1 g4 61. Kg1 g3 62.
Kh1 g2+ 63. Kg1 Nf3+ 64. Kf2 g1=Q+ 65. Kxf3 0-1

[Event "*** Titled Tuesday Blitz"]
[Site "Chess.com"]
[Date "2020.11.24"]
[Round "3"]
[White "MF1966Idrisov"]
[Black "hermionegrangermagic"]
[Result "0-1"]
[WhiteElo "2409"]
[BlackElo "2588"]
[TimeControl "180+1"]
[EndTime "10:45:57 PST"]
[Termination "hermionegrangermagic won on time"]

1. Nf3 d5 2. b3 Nf6 3. Bb2 c6 4. e3 g6 5. d4 Bg7 6. Bd3 O-O 7.
h3 Bf5 8. Nbd2 Ne4 9. O-O Nxd2 10. Qxd2 Bxd3 11. Qxd3 Nd7 12. Ne5 Qc7 13. f4 Nf6 14. c4 e6 15. c5 Ne4 16. b4 a6 17. a4 f6 18. Nf3 b6 19. Nd2 Nxd2 20. Qxd2 bxc5 21.
bxc5 Rab8 22. Bc3 Qb7 23. Ba5 Qb2 24. Rfd1 e5 25. Bb6 Qxd2 26. Rxd2 exf4 27. exf4 f5 28.
Bc7 Rb4 29. Be5 Bxe5 30. fxe5 Kf7 31. Rf1 Ke6 32. a5 Rfb8 33. g4 Ra4 34. gxf5+ gxf5 35. Rdf2 Rf8 36. Rf4 Rxa5 37. Rh4 Rg8+ 38. Kh1 Ra4 39. Rh6+ Rg6 40. Rxh7 Rxd4 41. Ra1 Kxe5 42. Re7+ Re6 43. Rf7 Rc4 44. Rxa6 Rxc5 45. Ra2 Rc4 46. Rf2 f4 47. Kg2 Rg6+ 48. Kh2 Re4 49. h4 Rf6 50. Re7+ Re6 51. Rf7 c5 52. Kh3 c4 53. h5 c3 54. Rc7 d4 55. Kh4 Kf5 56. Rf7+ Rf6 57. Rc7 f3+ 58. Kg3 Rg4+ 59. Kxf3 Rf4+ 60. Kg3 Rxf2 61. Kxf2 Ke4+ 62. Ke1 Kd3 0-1

[Event "*** Titled Tuesday Blitz"]
[Site "Chess.com"]
[Date "2020.11.24"]
[Round "3"]
[White "SergeyShtyka"]
[Black "26andrej26"]
[Result "1-0"]
[WhiteElo "2376"]
[BlackElo "2518"]
[TimeControl "180+1"]
[EndTime "10:45:59 PST"]
[Termination "SergeyShtyka won by checkmate"]

1. e4 c5 2. Nf3 d6 3. d4 cxd4 4. Nxd4 Nf6 5. Nc3 a6 6. Bc4 e6 7. O-O b5 8. Bd3 Be7 9. a3 O-O 10. Be3 Qc7 11. f4 Nbd7 12. Qf3 Bb7 13. Rae1 Nc5 14. Kh1 Rad8 15. Bf2 Qb8 16. Qg3 Kh8 17. Nf3 Nh5 18. Qg4 Nf6 19. Qg3 Qa8 20. Bxc5 dxc5 21. e5 Nh5 22. Qg4 g6 23. Be4 Kg8 24. Bxb7 Qxb7 25. Ne4 c4 26. Nfg5 h6 27. Nf3 Kh7 28. Nh4 Rd4 29. f5 exf5 30. Nf6+ Bxf6 31. Qxd4 Bg5 32.
Nf3 Be7 33. e6 f6 34. Rd1 Rd8 35. Qe3 Ng7 36. Rxd8 Bxd8 37. Rd1 Qe7 38. Rd7 Qe8 39.
Nd4 Kh8 40. h3 Kg8 41. c3 g5 42. Rf7 Bb6 43. Rb7 f4 44. Qe4 Bxd4 45. cxd4 Qxe6 46. Rxg7+ Kxg7 47. Qxe6 f3 48. gxf3 Kg6 49. d5 Kh5 50. Qe8+ Kh4 51. Kg2 f5 52. Qe5 f4 53. Qf5 h5 54.
Qf6 c3 55. Qxc3 b4 56. axb4 a5 57. b5 a4 58. Kg1 Kxh3 59. Qd2 g4 60. Qh2# 1-0

[Event "*** Titled Tuesday Blitz"]
[Site "Chess.com"]
[Date "2020.11.24"]
[Round "3"]
[White "sasko1234"]
[Black "Tpros"]
[Result "1-0"]
[WhiteElo "2437"]
[BlackElo "2586"]
[TimeControl "180+1"]
[EndTime "10:46:02 PST"]
[Termination "sasko1234 won on time"]

1. Nf3 Nf6 2. d4 d6 3. Bf4 g6 4.
e3 Bg7 5. Be2 b6 6. O-O Bb7 7.
a4 a6 8. h3 Nbd7 9. c3 O-O 10.
Nbd2 c5 11. Bh2 Nd5 12. Qb3 cxd4 13. exd4 Bh6 14. Rfe1 Nf4 15. Bxf4 Bxf4 16. Nf1 Re8 17. Ng3 Nf6 18. Bc4 e6 19. Be2 Qc7 20. Nf1 Bd5 21.
Qd1 Bh6 22. Bd3 Rec8 23. Ne3 Bb7 24. Ng4 Bg7 25. Nxf6+ Bxf6 26. Be4 Rab8 27. Bxb7 Rxb7 28. Qe2 b5 29. axb5 axb5 30. Rac1 Qc4 31. Qe3 Qd5 32. Qf4 Kg7 33. h4 h6 34. h5 g5 35. Qe3 Ra7 36. Nd2 Ra2 37. Rb1 Be7 38. Ne4 Qf5 39. Ng3 Qd5 40.
Ne4 Rc4 41. Nd2 Rca4 42. Ne4 Ra7 43. Nd2 Qf5 44. Ne4 R7a6 45. Ng3 Qg4 46. d5 e5 47.
Qd3 Bd8 48. Nf5+ Kf6 49. Ng3 Bb6 50. Re4 Qd7 51. Qf3+ Kg7 52. Nf5+ Kh7 53. g4 R6a4 54. Kg2 Rxe4 55. Qxe4 Ra4 56. b4 Ra2 57. Rf1 Qa7 58. Nxd6+ Kg8 59. Nxb5 Qa6 60. Nd6 Qa3 61. Qf5 1-0

[Event "*** Titled Tuesday Blitz"]
[Site "Chess.com"]
[Date "2020.11.24"]
[Round "3"]
[White "Deepweb2020"]
[Black "Brave_spirit12"]
[Result "1-0"]
[WhiteElo "2266"]
[BlackElo "2489"]
[TimeControl "180+1"]
[EndTime "10:46:03 PST"]
[Termination "Deepweb2020 won by resignation"]

1. d4 Nf6 2. c4 e6 3. g3 d5 4. Nf3 Be7 5. Bg2 O-O 6. O-O c5 7. cxd5 exd5 8. dxc5 Nc6 9. a3 a5 10. Nc3 Be6 11. Nd4 Bxc5 12. Nxe6 fxe6 13. Bg5 Qd7 14. Bxf6 Rxf6 15. e3 Raf8 16. Ne4 Qe7 17. Nxf6+ Qxf6 18. Bxd5 Ne5 19. Bxb7 Rb8 20. Bg2 h5 21. Qxh5 Rxb2 22. Rab1 Rd2 23. Rb8+ Bf8 24. Be4 g6 25. Qh3 a4 26.
Rb6 Bd6 27. Ra6 Nc4 28. Ra8+ Bf8 29. Rxa4 Nd6 30. Bg2 Nb5 31. Rf4 Qe5 32. a4 Nc3 33. Qg4 Ne2+ 34. Kh1 Nxf4 35. Qxf4 Qg7 36. Be4 Bd6 37. Qg4 g5 38. Qxe6+ Kf8 39. Qf5+ Ke8 40. Rc1 Qd7 41. Rc8+ Ke7 42. Qxg5+ Ke6 43. Bf5+ Ke5 44.
Bxd7+ Ke4 45. Qf4+ Bxf4 46. exf4 Rxd7 47. Rc4+ Kf3 48.
Rc3+ Kxf2 49. Rc1 Kf3 50. Ra1 Rd2 51. a5 Kg4 52. a6 Kh3 53. a7 Rxh2+ 54. Kg1 Rg2+ 55.
Kf1 Rxg3 56. a8=Q Kg4 57. Qg2 Kxf4 58. Qxg3+ Kxg3 59. Ra3+ 1-0

[Event "*** Titled Tuesday Blitz"]
[Site "Chess.com"]
[Date "2020.11.24"]
[Round "3"]
[White "A-S-00"]
[Black "JiiHart"]
[Result "1-0"]
[WhiteElo "2318"]
[BlackElo "2056"]
[TimeControl "180+1"]
[EndTime "10:46:04 PST"]
[Termination "A-S-00 won by checkmate"]

1. e4 c5 2. Nf3 Nc6 3. d4 cxd4 4. Nxd4 Nf6 5. Nc3 d6 6. Be3 e5 7. Nb3 h6 8. f3 Be6 9. Qd2 Be7 10. O-O-O a6 11.
g4 Rc8 12. h4 Qc7 13. Qf2 Nd7 14. Rg1 b5 15. g5 Nb4 16. Kb1 Bc4 17. gxh6 gxh6 18.
Bh3 a5 19. Nd2 Bxa2+ 20. Kc1 Nxc2 21. Kxc2 b4 22. Nb1 Bxb1+ 23. Kxb1 bxc3 24. Rc1 Qb7 25. Rg7 Kf8 26. Rcg1 Bf6 27. R7g2 cxb2 28. Qxb2 Rb8 29. Qxb7 Rxb7+ 30. Ka2 Ke7 31. Rd2 Rhb8 32. Rgd1 Nc5 33. Bxc5 dxc5 34. Rd7+ Rxd7 35. Rxd7+ Ke8 36. Rc7 Be7 37.
Ra7 Rd8 38. Rxa5 f6 39. Kb3 Kf7 40. Kc4 Rd4+ 41. Kc3 Rd1 42. Bf5 Rc1+ 43. Kd3 Rd1+ 44. Kc2 Rd7 45. Bxd7 Bd6 46. Bf5 Ke8 47. Ra7 Bb8 48.
Ra8 Ke7 49. Rxb8 Kd6 50. Kc3 Kc6 51. Rf8 Kc7 52. Rxf6 Kd8 53. Kc4 Ke7 54. Rxh6 Kf7 55. Kxc5 Kg7 56. Rh7+ Kf6 57. Rh6+ Ke7 58. Rg6 Kf7 59.
h5 Ke7 60. h6 Kf7 61. h7 Ke7 62. h8=Q Kf7 63. Qg8+ Ke7 64. Re6+ Kd7 65. Qe8+ Kc7 66. Rc6+ Kb7 67. Qc8+ Ka7 68. Ra6# 1-0

[Event "*** Titled Tuesday Blitz"]
[Site "Chess.com"]
[Date "2020.11.24"]
[Round "3"]
[White "Zq1"]
[Black "annamaja"]
[Result "0-1"]
[WhiteElo "2576"]
[BlackElo "2300"]
[TimeControl "180+1"]
[EndTime "10:46:07 PST"]
[Termination "annamaja won by resignation"]

1. d4 d5 2. c4 c6 3. cxd5 cxd5 4. Bg5 Nc6 5. Nc3 Bf5 6. e3 Nf6 7. Bxf6 exf6 8. g3 Bb4 9. Bg2 Qa5 10. Ne2 O-O 11.
O-O Ne7 12. a3 Bxc3 13. Nxc3 Rac8 14. Rc1 Rfd8 15. Qb3 Rd7 16. Nxd5 Rxd5 17. Rxc8+ Bxc8 18. Bxd5 Qxd5 19. Qxd5 Nxd5 20. e4 Nb6 21. f3 Kf8 22. Kf2 Ke7 23. Rc1 Kd6 24. Ke3 Be6 25. d5 Bd7 26. Kd4 Na4 27. f4 b5 28. b3 Nb6 29.
e5+ fxe5+ 30. fxe5+ Ke7 31. Rc7 a5 32. Kc5 Nc8 33.
h4 h5 34. Rb7 a4 35. b4 g6 36. Rc7 Kd8 37. d6 Be8 38. Rb7 Bd7 39. Rb8 Be8 40. Kd4 Bd7 41. Kd5 Ke8 42. Rb7 Kd8 43.
Kc5 Ke8 44. Rc7 Kd8 45. Rb7 Ke8 46. Kd4 Kd8 47. Ke3 Ke8 48. Kf4 Kd8 49. Kg5 Ke8 50.
Kf6 Be6 51. Rc7 Nb6 52. Re7+ Kd8 53. Rxf7 Bxf7 54. Kxf7 Nc4 55. Kf6 Kd7 56. e6+ Kxd6 57. e7 Kd7 58. Kf7 Nd6+ 59. Kxg6 Kxe7 60. Kxh5 Kf6 61.
g4 Nc4 62. g5+ Kg7 63. Kg4 Nxa3 64. h5 Nc2 65. Kf5 Ne3+ 66. Ke6 a3 67. h6+ Kg6 68. h7 Kxh7 69. Kf7 Nf5 70. Kf6 Nh4 0-1

[Event "*** Titled Tuesday Blitz"]
[Site "Chess.com"]
[Date "2020.11.24"]
[Round "3"]
[White "Rital44"]
[Black "Ashedu66"]
[Result "0-1"]
[WhiteElo "2433"]
[BlackElo "2247"]
[TimeControl "180+1"]
[EndTime "10:46:07 PST"]
[Termination "Ashedu66 won by checkmate"]

1. e4 e5 2. Nf3 Nc6 3. Bb5 Nge7 4. Nc3 d6 5. O-O Bd7 6. Re1 g6 7. d3 Bg7 8. a4 O-O 9. h3 h6 10. Be3 Kh7 11. Qd2 f5 12. exf5 Nxf5 13. Nh2 Ncd4 14. Bc4 c6 15. Ba2 d5 16. Ne2 Nxe3 17. fxe3 Nf5 18. e4 Qb6+ 19. Kh1 Ne3 20. Nc3 d4 21. Nd1 Nxd1 22. Rexd1 Rf6 23. b4 Raf8 24. a5 Qd8 25.
Rf1 h5 26. Rxf6 Rxf6 27. Rf1 Bh6 28. Qe2 Qf8 29. Rxf6 Qxf6 30. Qf3 Kg7 31. Bc4 a6 32. Kg1 Qxf3 33. Nxf3 Kf6 34. Kf2 Bf8 35. g3 Bxb4 36.
h4 Bxa5 37. Ng5 Bd2 38. Nf7 Be6 39. Bxe6 Kxe6 40. Nd8+ Kd6 41. Nxb7+ Kc7 42. Nc5 a5 43. Nb3 Bb4 44. g4 a4 45. Nc1 Bc3 46. gxh5 gxh5 47.
Ke2 Kd6 48. Kd1 Kc5 49. Na2 Ba5 50. Kc1 Bd8 51. Kb2 Bxh4 52. Ka3 Be7 53. Nc1 h4 54.
Ne2 h3 55. Ng3 h2 56. Nh1 Kb5+ 57. Kb2 Bh4 58. Kc1 Kb4 59. Kd1 a3 60. Kd2 a2 61.
Ng3 a1=Q 62. Ne2 h1=Q 63. c3+ dxc3+ 64. Nxc3 Qxc3+ 65. Ke3 Qhe1+ 66. Kf3 Qxd3+ 67. Kg4 Qexe4+ 68. Kh5 Qdf3+ 69. Kh6 Qf6+ 70. Kh5 Qef5# 0-1

[Event "*** Titled Tuesday Blitz"]
[Site "Chess.com"]
[Date "2020.11.24"]
[Round "3"]
[White "PaulfromSPb"]
[Black "AryanTari"]
[Result "0-1"]
[WhiteElo "2666"]
[BlackElo "2906"]
[TimeControl "180+1"]
[EndTime "10:46:11 PST"]
[Termination "AryanTari won on time"]

1. d4 Nf6 2. Bf4 b6 3. e3 Bb7 4. Nf3 e6 5. h3 Be7 6. Nbd2 O-O 7. Bd3 c5 8. c3 cxd4 9. exd4 d6 10. Bh2 Nbd7 11. O-O a6 12. Re1 Re8 13. a4 Qc8 14. Qe2 Bf8 15. Qf1 Qc7 16. Rac1 g6 17. Bc2 Bc6 18. Qd3 b5 19. axb5 axb5 20. Ra1 Rxa1 21. Rxa1 e5 22. dxe5 dxe5 23. Re1 Bd6 24. Qe2 Bd5 25.
Ne4 Nxe4 26. Bxe4 Bc4 27. Bd3 f6 28. Bxc4+ bxc4 29. Nd2 Rc8 30. Ra1 Nb6 31. Kh1 Kg7 32. f3 Qb7 33. Bg1 Bc5 34. Bxc5 Rxc5 35. Ne4 Rc7 36. Qd2 Rd7 37. Qe2 Qc6 38. Qe3 Nd5 39. Qg1 f5 40. Ng3 Nf4 41. Ra7 Kh6 42. Rxd7 Qxd7 43. Qf2 Qd3 44. Kh2 Kg5 45. Nf1 h5 46. h4+ Kh6 47. Ne3 e4 48. fxe4 Qxe4 49. Qg3 Ne6 50. Qf2 f4 51. Nf1 Qe5 52. Nd2 f3+ 53.
g3 Qe2 54. Qxe2 fxe2 55. Nf3 Nc5 56. Kg2 Nd3 57. Kg1 Kg7 58. Ne1 Nxe1 59. Kf2 Nd3+ 60. Kxe2 Nxb2 61. Ke3 Kf6 62. Ke4 Ke6 63. Kd4 Kf5 0-1

[Event "*** Titled Tuesday Blitz"]
[Site "Chess.com"]
[Date "2020.11.24"]
[Round "3"]
[White "FontVella8"]
[Black "K_A_S_T_O_R"]
[Result "0-1"]
[WhiteElo "2538"]
[BlackElo "2794"]
[TimeControl "180+1"]
[EndTime "10:46:11 PST"]
[Termination "K_A_S_T_O_R won by resignation"]

1. e4 c5 2. Nf3 d6 3. d4 cxd4 4. Qxd4 Nc6 5. Qe3 g6 6. Be2 Bg7 7. O-O Nf6 8. Rd1 Ng4 9. Qb3 O-O 10. h3 Nge5 11. Nxe5 Bxe5 12. Be3 Be6 13. Qa3 Qc7 14. Nc3 Rfc8 15. Nd5 Bxd5 16. exd5 Na5 17. c3 Nc4 18. Bxc4 Qxc4 19. Qb3 b5 20. Bd4 Bf6 21. Bxf6 exf6 22. Rd4 Qe2 23. Rad1 a6 24. R4d2 Qe5 25.
a4 Rab8 26. axb5 axb5 27. Rd4 Rc5 28. Qa3 Re8 29. Qa6 Kg7 30. g3 h5 31. h4 Rb8 32.
Qa7 Rbc8 33. Qa6 Qe7 34. Rb4 Qe2 35. Rbd4 Qe5 36. Rb4 Rb8 37. Rbd4 Re8 38. Rb4 Rb8 39. Rbd4 f5 40. Kg2 Re8 41. Qb6 Re7 42. Qa6 Rd7 43. Qb6 Qe2 44. R1d2 Qe5 45. R2d3 Re7 46. Re3 Qf6 47.
Rxe7 Qxe7 48. Qa5 Qb7 49. Qb4 Rxd5 50. Rxd5 Qxd5+ 51. Kg1 Qc5 52. Qf4 Qe5 53. Qd2 d5 54.
Qd3 Qe1+ 55. Qf1 Qxf1+ 56. Kxf1 Kf6 57. Ke2 Ke5 58. Ke3 f4+ 59. Kd3 fxg3 60. fxg3 f6 61. Ke3 g5 62. Kd3 gxh4 63. gxh4 f5 64. Ke3 f4+ 65.
Ke2 Ke4 66. Kd2 f3 0-1